[Event "Titled Tuesday Blitz April 18 Late 2023"]
[White "Manukyan, Artyom"]
[Black "Bueno, Alfeu Junior Varela"]
[WhiteFideId "13305786"]
[BlackFideId "2108879"]
[WhiteElo "2078"]
[BlackElo "2175"]
[Result "1-0"]
[Round "03"]
[TimeControl "180+2"]
[Date "2023.04.18"]
[WhiteClock "0:02:51"]
[BlackClock "0:01:13"]

1. e4 e6 2. d4 d5 3. Bd3 dxe4 4. Bxe4 c5 5. Nf3 Nf6 6. Bd3 cxd4 7. Nxd4 Bc5 8. Nb3 Bb6 9. Nc3 Nc6 10. Bg5 e5 11. O-O O-O 12. Ne4 Kh8 13. Nxf6 gxf6 14. Qh5 Qxd3 15. Bxf6+ Kg8 16. cxd3 1-0


[Site "https://www.chess.com"]

[Event "Titled Tuesday Blitz April 18 Late 2023"]
[White "Vaglio Munoz, Jaime"]
[Black "ayme97"]
[WhiteFideId "6500145"]
[WhiteElo "2199"]
[BlackElo "2200"]
[Result "0-1"]
[Round "03"]
[TimeControl "180+2"]
[Date "2023.04.18"]
[WhiteClock "0:00:04"]
[BlackClock "0:00:38"]

1. Nf3 g6 2. d4 Bg7 3. b3 Nf6 4. Bb2 O-O 5. g3 d5 6. Bg2 c5 7. dxc5 Qa5+ 8. Nbd2 Ne4 9. Bxg7 Kxg7 10. O-O Nc3 11. Qe1 Nc6 12. e4 d4 13. a3 Qxc5 14. b4 Qb5 15. Nb3 e5 16. Nc5 b6 17. Nd3 f6 18. Nd2 Be6 19. f4 a5 20. a4 Nxa4 21. f5 Bg8 22. bxa5 bxa5 23. Rb1 Nb4 24. fxg6 hxg6 25. Qe2 Nc3 26. Qg4 Nxb1 27. Rxb1 Rac8 28. Bf1 Qa4 29. Nb3 Rxc2 30. Nbc5 Qa2 31. Qf4 exf4 32. Nxf4 Rxc5 33. Re1 Nc2 34. Re2 Qb1 35. Nd3 Ne3 36. Re1 Qxe1 37. Nxe1 Nxf1 38. Kxf1 Rc1 39. Ke2 Rxe1+ 40. Kxe1 a4 0-1


[Site "https://www.chess.com"]

[Event "Titled Tuesday Blitz April 18 Late 2023"]
[White "ChessSG1"]
[Black "mistrzemi"]
[WhiteElo "2210"]
[BlackElo "2428"]
[Result "0-1"]
[Round "03"]
[TimeControl "180+2"]
[Date "2023.04.18"]
[WhiteClock "0:00:04"]
[BlackClock "0:00:12"]

1. c4 e6 2. g3 d5 3. Nf3 Nf6 4. Bg2 dxc4 5. Qa4+ Nbd7 6. Qxc4 a6 7. Qc2 Rb8 8. O-O c5 9. d4 b5 10. Ne5 Nxe5 11. dxe5 Nd7 12. Rd1 Bb7 13. a4 Bxg2 14. Kxg2 Qb6 15. axb5 axb5 16. Qe4 Be7 17. Nc3 c4 18. Be3 Nc5 19. Qg4 Qc6+ 20. Kg1 O-O 21. Bh6 g6 22. Bxf8 Bxf8 23. Ra7 b4 24. Nb1 Qb6 25. Ra1 c3 26. bxc3 b3 27. Nd2 b2 28. Rab1 Qa6 29. Nc4 Na4 30. Nd6 Nxc3 31. Qf3 Nxd1 32. Qxf7+ Kh8 33. Ne8 Qa3 34. Qf6+ Kg8 35. Qxe6+ Kh8 36. Qf6+ Kg8 0-1


[Site "https://www.chess.com"]

[Event "Titled Tuesday Blitz April 18 Late 2023"]
[White "Seletsky, Grigory"]
[Black "Atanasov, Radislav"]
[WhiteFideId "14112191"]
[BlackFideId "2901471"]
[WhiteElo "2490"]
[BlackElo "2077"]
[Result "1-0"]
[Round "03"]
[TimeControl "180+2"]
[Date "2023.04.18"]
[WhiteClock "0:00:35"]
[BlackClock "0:00:02"]

1. a3 e5 2. c4 Nf6 3. d3 c6 4. Nf3 d6 5. Nc3 Be7 6. Bg5 O-O 7. e3 h6 8. Bh4 Be6 9. d4 Nbd7 10. Qc2 Bg4 11. Be2 Re8 12. h3 Bh5 13. O-O a6 14. b4 Rc8 15. dxe5 dxe5 16. c5 Bg6 17. Qa2 e4 18. Nd4 Ne5 19. Rad1 Nfd7 20. Bxe7 Qxe7 21. Rd2 Qg5 22. Kh2 Nf6 23. Rfd1 Qh4 24. Kg1 Kh7 25. Nb3 Nd3 26. Bxd3 exd3 27. Na5 Rc7 28. Nc4 Re6 29. Nd6 Rce7 30. Qc4 Qg5 31. Qf4 Qh5 32. Rxd3 Bxd3 33. Rxd3 Nd5 34. Nxd5 cxd5 35. Kh2 Rf6 36. Qg3 Rg6 37. Qf3 Qe5+ 38. g3 Qb2 39. Kg2 Rf6 40. Nf5 Re5 41. g4 g6 42. Rxd5 gxf5 43. g5 Qc3 44. gxf6 Rxd5 45. Qxd5 Qxf6 46. Qxb7 Qg5+ 47. Kf1 Qh5 48. Ke1 Qxh3 49. Qxf7+ Kh8 50. Qf6+ Kh7 51. Qxa6 Qh1+ 52. Kd2 Qd5+ 53. Kc3 Qe5+ 54. Kb3 Qd5+ 55. Ka4 Qd1+ 56. Ka5 Qd5 57. Qa7+ Kg6 58. b5 Kg5 59. c6 h5 60. Qd7 Qd2+ 61. Qxd2 1-0


[Site "https://www.chess.com"]

[Event "Titled Tuesday Blitz April 18 Late 2023"]
[White "Vanek, Tomas"]
[Black "Gatterer, Florian"]
[WhiteFideId "313459"]
[BlackFideId "811688"]
[WhiteElo "2052"]
[BlackElo "2221"]
[Result "1/2-1/2"]
[Round "03"]
[TimeControl "180+2"]
[Date "2023.04.18"]
[WhiteClock "0:02:42"]
[BlackClock "0:02:41"]

1. a3 c5 2. e4 g6 3. f4 Bg7 4. Nf3 d6 5. Bc4 e6 6. O-O Ne7 7. Qe2 O-O 8. c3 d5 9. Ba2 dxe4 10. Qxe4 Nbc6 1/2-1/2


[Site "https://www.chess.com"]

[Event "Titled Tuesday Blitz April 18 Late 2023"]
[White "Alexikov, Alexander"]
[Black "Vivekananthan, Anish"]
[WhiteFideId "14103958"]
[BlackFideId "2090775"]
[WhiteElo "2186"]
[BlackElo "2827"]
[Result "0-1"]
[Round "03"]
[TimeControl "180+2"]
[Date "2023.04.18"]
[WhiteClock "0:00:01"]
[BlackClock "0:00:08"]

1. e4 c5 2. Nf3 d6 3. Bb5+ Nd7 4. O-O Nf6 5. d4 cxd4 6. Qxd4 a6 7. Bxd7+ Bxd7 8. c4 e6 9. Nc3 Be7 10. Bg5 Qc7 11. Rac1 Rc8 12. b3 O-O 13. Rfd1 Rfd8 14. h3 Qa5 15. Bd2 Qh5 16. Ne2 Bc6 17. Ng3 Qc5 18. Qd3 Nd7 19. Qe2 Qb6 20. Be3 Nc5 21. Rb1 a5 22. Qc2 h6 23. a3 Qc7 24. Rd2 a4 25. b4 Nb3 26. Rdd1 Be8 27. Nd4 Qxc4 28. Qxc4 Rxc4 29. Nxb3 axb3 30. Rxb3 Ba4 31. Rbd3 Bxd1 32. Rxd1 Ra8 33. Bc1 Bf6 34. Kf1 Rac8 35. Be3 Be7 36. f3 Rc3 37. Kf2 Rxa3 38. Bd2 Ra2 39. Nf1 d5 40. exd5 Bxb4 41. Ke3 Bc5+ 0-1


[Site "https://www.chess.com"]

[Event "Titled Tuesday Blitz April 18 Late 2023"]
[White "Brod, Manfred"]
[Black "Goltsev, Dmitry"]
[WhiteFideId "1602110"]
[BlackFideId "24176710"]
[WhiteElo "2080"]
[BlackElo "2336"]
[Result "0-1"]
[Round "03"]
[TimeControl "180+2"]
[Date "2023.04.18"]
[WhiteClock "0:01:41"]
[BlackClock "0:01:58"]

1. e4 e6 2. d4 d5 3. Nc3 c5 4. exd5 exd5 5. dxc5 Nf6 6. Bg5 Bxc5 7. Bb5+ Nc6 8. Nf3 O-O 9. O-O Bg4 10. Bxf6 Qxf6 11. Qxd5 Bb6 12. Qe4 Bxf3 13. gxf3 Nd4 14. Kg2 a6 15. Nd5 Qg5+ 16. Kh3 axb5 17. Rg1 Qh6+ 18. Kg2 Rfe8 19. Qg4 Re2 20. Kh1 Rxf2 21. h4 Nxf3 0-1


[Site "https://www.chess.com"]

[Event "Titled Tuesday Blitz April 18 Late 2023"]
[White "Msellek, Ilyass"]
[Black "Fajdetic, Hrvoje"]
[WhiteFideId "675938"]
[BlackFideId "14501945"]
[WhiteElo "2302"]
[BlackElo "2185"]
[Result "0-1"]
[Round "03"]
[TimeControl "180+2"]
[Date "2023.04.18"]
[WhiteClock "0:01:04"]
[BlackClock "0:00:05"]

1. Nf3 f5 2. d3 d6 3. e4 e5 4. Nc3 Nf6 5. exf5 Bxf5 6. d4 exd4 7. Nxd4 Bd7 8. Bc4 Qe7+ 9. Be3 Nc6 10. O-O O-O-O 11. Ndb5 a6 12. a4 Ng4 13. Nd5 Qh4 14. h3 Nxe3 15. Nxe3 axb5 16. axb5 Nb8 17. Ra8 Re8 18. Qa1 Qd4 19. Qa7 Qxa7 20. Rxa7 c6 21. b6 d5 22. Ra8 Bc5 23. b4 Bxb6 24. Bb3 Bxe3 25. fxe3 Rhf8 26. Rf7 Rxf7 27. e4 Rxe4 28. b5 Re2 29. bxc6 Bxc6 30. Ra1 Rff2 31. c3 Rxg2+ 32. Kf1 Rgf2+ 33. Kg1 Rh2 34. Bd1 Rd2 35. Bg4+ Kc7 36. Re1 d4 37. cxd4 Rh1# 0-1


[Site "https://www.chess.com"]

[Event "Titled Tuesday Blitz April 18 Late 2023"]
[White "Arias, Juan Cruz"]
[Black "Rose, Felix"]
[WhiteFideId "118540"]
[BlackFideId "5105722"]
[WhiteElo "2243"]
[BlackElo "2039"]
[Result "1-0"]
[Round "03"]
[TimeControl "180+2"]
[Date "2023.04.18"]
[WhiteClock "0:02:19"]
[BlackClock "0:02:09"]

1. d4 Nf6 2. Nf3 d5 3. e3 c5 4. c3 cxd4 5. exd4 Nc6 6. Bf4 Bg4 7. Nbd2 e6 8. Qb3 Qd7 9. Ne5 Qc8 10. Bb5 a6 11. Bxc6+ bxc6 12. Qa4 Bd6 13. Bg3 O-O 14. Nxg4 1-0


[Site "https://www.chess.com"]

[Event "Titled Tuesday Blitz April 18 Late 2023"]
[White "Wang, Alexander J"]
[Black "Kozin, Yuri"]
[WhiteFideId "30955270"]
[BlackFideId "4129920"]
[WhiteElo "2301"]
[BlackElo "2621"]
[Result "0-1"]
[Round "03"]
[TimeControl "180+2"]
[Date "2023.04.18"]
[WhiteClock "0:00:25"]
[BlackClock "0:01:43"]

1. e4 c5 2. Nf3 e6 3. d4 cxd4 4. Nxd4 Nf6 5. Nc3 d6 6. g3 a6 7. Bg2 Be7 8. O-O O-O 9. Nde2 Qc7 10. h3 Nfd7 11. Be3 b5 12. a3 Bb7 13. f4 Nb6 14. b3 Bf6 15. Bd4 Bxd4+ 16. Qxd4 Nc6 17. Qd2 Rfd8 18. Rad1 Rac8 19. Kh2 Ne7 20. Qe3 d5 21. e5 Nf5 22. Qd3 d4 23. Ne4 Ne3 24. Rfe1 Nxd1 25. Rxd1 Qxc2 26. Qxc2 Rxc2 27. Nxd4 Rxg2+ 28. Kxg2 Bxe4+ 29. Kf2 h5 30. Ke3 Nd5+ 0-1


[Site "https://www.chess.com"]

[Event "Titled Tuesday Blitz April 18 Late 2023"]
[White "Lopez Gracia, Fernando"]
[Black "Li, Hui"]
[WhiteFideId "2207184"]
[BlackFideId "15400310"]
[WhiteElo "2537"]
[BlackElo "1967"]
[Result "1/2-1/2"]
[Round "03"]
[TimeControl "180+2"]
[Date "2023.04.18"]
[WhiteClock "0:00:47"]
[BlackClock "0:00:04"]

1. c4 e6 2. Nf3 d5 3. e3 Nf6 4. b3 Be7 5. g3 O-O 6. Bg2 c5 7. Bb2 b6 8. O-O Bb7 9. cxd5 Bxd5 10. d4 Nbd7 11. Nc3 Bb7 12. Qe2 cxd4 13. Nxd4 Bxg2 14. Kxg2 Qc7 15. Rac1 Qb7+ 16. Qf3 Qxf3+ 17. Kxf3 Rac8 18. Rfd1 a6 19. Ke2 b5 20. Nb1 Nb6 21. Nd2 Rfd8 22. Nc6 Re8 23. Bd4 Nbd5 24. e4 Ba3 25. exd5 Bxc1 26. Rxc1 Nxd5 27. Rc2 f6 28. Ne4 Rc7 29. Nb4 Rxc2+ 30. Nxc2 Rc8 31. Kd2 Rc6 32. f3 Kf7 33. Ne3 Nxe3 34. Bxe3 e5 35. b4 h6 36. Bc5 f5 37. Nc3 Ke6 38. Kd3 g5 39. a4 bxa4 40. Nxa4 h5 41. Nc3 a5 42. Ne2 axb4 43. Bxb4 Rb6 44. Bc3 Ra6 45. Bd2 Ra3+ 46. Nc3 Kf6 47. Ke2 Rb3 48. Nd5+ Kg6 49. Ne7+ Kf6 50. Ng8+ Kg7 51. Ne7 Kf6 52. Nc6 Rb6 53. Nb4 Rb5 54. Nd3 Kg6 55. Bc3 e4 56. fxe4 fxe4 57. Nb4 Kf5 58. Ke3 Rc5 59. Bd4 Rc4 60. Nd5 Rc2 61. Ne7+ Kg4 62. Kxe4 Re2+ 63. Be3 Rxh2 64. Bc5 Kxg3 65. Bd6+ Kg2 66. Bxh2 Kxh2 67. Kf5 g4 68. Nd5 g3 69. Nf4 h4 70. Kg4 h3 71. Nxh3 g2 72. Kh4 g1=Q 73. Nxg1 1/2-1/2


[Site "https://www.chess.com"]

[Event "Titled Tuesday Blitz April 18 Late 2023"]
[White "Sarkar, Justin"]
[Black "Sonnenschein, Philipp"]
[WhiteFideId "2010011"]
[BlackFideId "16250877"]
[WhiteElo "2189"]
[BlackElo "2224"]
[Result "0-1"]
[Round "03"]
[TimeControl "180+2"]
[Date "2023.04.18"]
[WhiteClock "0:00:02"]
[BlackClock "0:00:17"]

1. d4 Nf6 2. c4 g6 3. Nc3 Bg7 4. e4 d6 5. f3 O-O 6. Be3 c5 7. Nge2 Nc6 8. d5 Ne5 9. Ng3 h5 10. Be2 h4 11. Nf1 e6 12. Nd2 exd5 13. cxd5 b5 14. Nxb5 Rb8 15. Rb1 c4 16. Nxa7 Bd7 17. O-O Qa5 18. Nxc4 Qxa2 19. Ra1 Qb3 20. Qxb3 Rxb3 21. Bf4 Nxc4 22. Bxc4 Rb6 23. Nc6 Bxc6 24. dxc6 Rxc6 25. Rac1 Rfc8 26. Bb5 Rxc1 27. Rxc1 Rb8 28. Bc4 Rxb2 29. Bxd6 Nh5 30. e5 Nf4 31. Bf1 Bh6 32. Rc4 Nd5 33. Rc8+ Kh7 34. g3 Be3+ 35. Kh1 Rb1 36. Kg2 h3+ 37. Kxh3 Rxf1 38. f4 Rg1 39. Kg4 Bxf4 40. Rd8 Bh6 41. Rd7 Ne3+ 0-1


[Site "https://www.chess.com"]

[Event "Titled Tuesday Blitz April 18 Late 2023"]
[White "Tyagi, Kushan"]
[Black "Li, William"]
[WhiteFideId "2040069"]
[BlackFideId "2619750"]
[WhiteElo "2286"]
[BlackElo "2070"]
[Result "0-1"]
[Round "03"]
[TimeControl "180+2"]
[Date "2023.04.18"]
[WhiteClock "0:00:10"]
[BlackClock "0:00:34"]

1. d4 Nf6 2. c4 b6 3. Nc3 Bb7 4. f3 d5 5. cxd5 Nxd5 6. e3 Nxc3 7. bxc3 e6 8. Bd3 Be7 9. Ne2 O-O 10. O-O c5 11. a4 a6 12. Ba3 Nc6 13. Rb1 b5 14. axb5 axb5 15. Rxb5 Ba6 16. Bxc5 Bxb5 17. Bxe7 Nxe7 18. Bxb5 Nd5 19. Qd3 Ra3 20. e4 Nxc3 21. Nxc3 Qa5 22. Rc1 Rc8 23. Bc4 Qc7 24. Nb5 Rxd3 25. Nxc7 Rxc7 26. Bxd3 Rxc1+ 27. Kf2 f6 28. d5 e5 29. Bb5 Kf7 30. Bd7 Ke7 31. Be6 Kd6 32. Kg3 Rc2 33. h3 g5 34. Kh2 h5 35. Bf7 h4 36. Be6 Rd2 37. Bf7 Kc5 38. Be6 Kd4 39. d6 Ke3 40. d7 Kf2 41. Bg4 Kf1 42. Kh1 Kf2 43. Kh2 Rd1 44. Bf5 Ke3 45. Bg4 Rd4 46. Bf5 Kd2 47. Bg4 Kc3 48. Bf5 Rd1 49. Bg4 Kc4 50. Bf5 Kc5 51. Bg4 Kc6 52. Bf5 Rxd7 53. Bxd7+ Kxd7 54. g3 Kd6 55. gxh4 gxh4 56. Kg2 Kc5 57. Kf2 Kd4 58. Ke2 Kc3 59. Ke3 Kc4 60. f4 Kc3 61. fxe5 fxe5 62. Kf3 Kd3 63. Kg4 Kxe4 64. Kxh4 Kf4 65. Kh5 e4 66. h4 e3 67. Kg6 e2 68. h5 e1=Q 69. h6 Qe5 70. Kh7 Kg5 71. Kg8 Kg6 72. h7 Qe6+ 73. Kh8 Qf6+ 74. Kg8 Qf7+ 75. Kh8 Qg7# 0-1


[Site "https://www.chess.com"]

[Event "Titled Tuesday Blitz April 18 Late 2023"]
[White "Jaskolka, Tomasz"]
[Black "Nemsko"]
[WhiteFideId "1170791"]
[WhiteElo "2155"]
[BlackElo "2279"]
[Result "0-1"]
[Round "03"]
[TimeControl "180+2"]
[Date "2023.04.18"]
[WhiteClock "0:00:05"]
[BlackClock "0:00:06"]

1. d4 Nf6 2. Bf4 d5 3. e3 e6 4. c3 Bd6 5. Bg3 Qe7 6. Nd2 Nbd7 7. Ngf3 e5 8. dxe5 Nxe5 9. Nxe5 Bxe5 10. Nf3 Bd6 11. Bd3 O-O 12. Bh4 h6 13. Bc2 Qe6 14. Bxf6 Qxf6 15. Qd3 g6 16. Qxd5 Be6 17. Qd4 Qe7 18. O-O Rfd8 19. Qe4 Qf6 20. Qh4 Qg7 21. Rad1 Bxa2 22. Rd4 Be6 23. Rfd1 Re8 24. Nd2 Be7 25. Qg3 Bd6 26. Qh4 Be7 27. Qg3 c5 28. Ra4 Red8 29. Ne4 Rxd1+ 30. Bxd1 Rd8 31. Ra1 Bd5 32. Qc7 Qf8 33. Bf3 Rc8 34. Qe5 Bxe4 35. Qxe4 Rc6 36. Rxa7 Qb8 37. Ra1 Re6 38. Qc4 Qc7 39. g3 Rb6 40. b3 Rd6 41. Bd5 Bf6 42. Qe4 Kg7 43. Rc1 b5 44. c4 b4 45. Kg2 Ra6 46. Rd1 Ra3 47. Qd3 Qe7 48. h4 h5 49. Qc2 Ra7 50. Re1 Rd7 51. e4 Qe5 52. f4 Qc3 53. Qxc3 Bxc3 54. Rd1 Ra7 55. Kf3 Ra2 56. e5 Bd4 57. e6 Rf2+ 58. Ke4 Re2+ 59. Kf3 Re3+ 60. Kg2 fxe6 61. Bf3 Kf6 62. Rb1 Rc3 63. Bc6 Rc2+ 64. Kf3 Rc3+ 65. Kg2 Rc2+ 66. Kf3 Rf2+ 67. Ke4 Rg2 68. Re1 Rxg3 69. Bd7 Rxb3 70. f5 gxf5+ 71. Kf4 e5+ 72. Rxe5 Bxe5# 0-1


[Site "https://www.chess.com"]

[Event "Titled Tuesday Blitz April 18 Late 2023"]
[White "Figorito, Nick"]
[Black "StarkyNZ"]
[WhiteFideId "30923689"]
[WhiteElo "2452"]
[BlackElo "2274"]
[Result "1-0"]
[Round "03"]
[TimeControl "180+2"]
[Date "2023.04.18"]
[WhiteClock "0:02:17"]
[BlackClock "0:02:18"]

1. Nf3 Nf6 2. g3 b6 3. Bg2 Bb7 4. O-O e6 5. c4 d5 6. cxd5 exd5 7. d4 Be7 8. Nc3 O-O 9. Bf4 a6 10. Rc1 Nbd7 11. Ne5 Rc8 12. Qb3 c5 13. Nxd5 Nxd5 14. Bxd5 Bxd5 15. Qxd5 cxd4 16. Qxd7 1-0


[Site "https://www.chess.com"]

[Event "Titled Tuesday Blitz April 18 Late 2023"]
[White "Kovalevsky, Stanislav"]
[Black "De Souza, Cristiano Gomes"]
[WhiteFideId "13508598"]
[BlackFideId "2151758"]
[WhiteElo "2174"]
[BlackElo "2068"]
[Result "1-0"]
[Round "03"]
[TimeControl "180+2"]
[Date "2023.04.18"]
[WhiteClock "0:01:20"]
[BlackClock "0:01:34"]

1. c4 Nf6 2. Nc3 g6 3. e4 d6 4. d4 Bg7 5. f3 O-O 6. Be3 Nc6 7. h4 h5 8. Nh3 e5 9. d5 Nd4 10. Ne2 Nxe2 11. Bxe2 Nh7 12. Ng5 Bf6 13. Qd2 a5 14. g4 hxg4 15. fxg4 a4 16. O-O-O Bd7 17. Rdf1 Kg7 18. Rf2 Bxg5 19. hxg5 Qe7 20. Qe1 Nxg5 21. Rfh2 Rh8 22. Rxh8 Rxh8 23. Rxh8 Kxh8 24. Qh4+ 1-0


[Site "https://www.chess.com"]

[Event "Titled Tuesday Blitz April 18 Late 2023"]
[White "Sliwicki, Damian"]
[Black "Simonovic, Miroslav"]
[WhiteFideId "1127128"]
[BlackFideId "919152"]
[WhiteElo "2030"]
[BlackElo "2042"]
[Result "1-0"]
[Round "03"]
[TimeControl "180+2"]
[Date "2023.04.18"]
[WhiteClock "0:00:34"]
[BlackClock "0:00:02"]

1. d4 Nf6 2. Nc3 c5 3. dxc5 e6 4. e4 Bxc5 5. Bd3 Nc6 6. Nf3 O-O 7. O-O d6 8. Qe2 Nd4 9. Nxd4 Bxd4 10. Bf4 e5 11. Bg5 h6 12. Bxf6 Qxf6 13. Nd5 Qg5 14. c3 Bg4 15. Qc2 Bh3 16. g3 Bxf1 17. Bxf1 Bb6 18. Rd1 f5 19. exf5 Kh8 20. Bd3 Rae8 21. Be4 g6 22. f6 Rxf6 23. Nxf6 Qxf6 24. Bxg6 Rf8 25. Rf1 Kg7 26. Be4 Rf7 27. Kg2 Qe6 28. c4 Bd4 29. Bd5 Qf6 30. Bxf7 Qxf7 31. f4 Qc7 32. Qe4 Qxc4 33. fxe5 dxe5 34. Qxb7+ Kg6 35. Qe4+ Kg7 36. Qg4+ Kh7 37. Qd7+ Kg6 38. Qf5+ Kg7 39. Qf8+ Kg6 40. Rf6+ Kg5 41. Qxh6+ Kg4 42. h3# 1-0


[Site "https://www.chess.com"]

[Event "Titled Tuesday Blitz April 18 Late 2023"]
[White "Antonio, Jorge Carlos"]
[Black "reevecanada"]
[WhiteFideId "113190"]
[WhiteElo "2247"]
[BlackElo "2440"]
[Result "0-1"]
[Round "03"]
[TimeControl "180+2"]
[Date "2023.04.18"]
[WhiteClock "0:00:06"]
[BlackClock "0:00:26"]

1. e4 c6 2. d4 d5 3. exd5 cxd5 4. c4 dxc4 5. Bxc4 e6 6. Nf3 Nf6 7. Nc3 Be7 8. O-O O-O 9. Re1 Nc6 10. a3 a6 11. Be3 b5 12. Ba2 Nd5 13. Nxd5 exd5 14. Rc1 Bb7 15. h3 Rc8 16. Qd2 Bf6 17. Bb1 g6 18. Bh6 Re8 19. Rxe8+ Qxe8 20. Re1 Qd8 21. h4 Bxh4 22. Nxh4 Qxh4 23. Qe3 Qd8 24. b4 a5 25. bxa5 Ra8 26. Qf4 f6 27. Re6 Kf7 28. Rd6 Qe7 29. Bg5 Rf8 30. Rxf6+ Kg8 31. Rxf8+ Qxf8 32. Qc7 Qf7 33. Qb6 Kg7 34. a6 Ba8 35. Qxb5 h6 36. Be3 Qe7 37. Bd3 Qxa3 38. Qxd5 Qxd3 39. Qd7+ Kf6 40. Qd6+ Kf7 41. Qd7+ Ne7 0-1


[Site "https://www.chess.com"]

[Event "Titled Tuesday Blitz April 18 Late 2023"]
[White "Estremera Panos, Sergio"]
[Black "Mikheev, Stanislav"]
[WhiteFideId "2200864"]
[BlackFideId "4135920"]
[WhiteElo "2253"]
[BlackElo "2230"]
[Result "1-0"]
[Round "03"]
[TimeControl "180+2"]
[Date "2023.04.18"]
[WhiteClock "0:00:59"]
[BlackClock "0:00:24"]

1. d4 Nf6 2. c4 c5 3. d5 b5 4. cxb5 a6 5. e3 axb5 6. Bxb5 Qa5+ 7. Nc3 Bb7 8. Bd2 Qb6 9. a4 Nxd5 10. Nf3 e6 11. e4 Nb4 12. O-O Be7 13. Qe2 N8c6 14. Rfd1 Nd4 15. Nxd4 cxd4 16. Na2 Nc6 17. Nc1 O-O 18. Nd3 f5 19. exf5 Rxf5 20. Bf4 Raf8 21. Bg3 Nb4 22. Nxb4 Bxb4 23. Bd3 R5f7 24. a5 Qc6 25. f3 Ra8 26. a6 Bc8 27. Rdc1 Qd5 28. Be4 d3 29. Bxd5 dxe2 30. Bxa8 1-0


[Site "https://www.chess.com"]

[Event "Titled Tuesday Blitz April 18 Late 2023"]
[White "Marczuk, Dominik"]
[Black "Torres Hernandez, Leslie Carolin"]
[WhiteFideId "1111264"]
[BlackFideId "8400504"]
[WhiteElo "2174"]
[BlackElo "1920"]
[Result "1-0"]
[Round "03"]
[TimeControl "180+2"]
[Date "2023.04.18"]
[WhiteClock "0:00:41"]
[BlackClock "0:00:01"]

1. e4 c5 2. Nf3 d6 3. d4 cxd4 4. Nxd4 Nf6 5. Nc3 a6 6. f3 e5 7. Nb3 Be7 8. Be3 O-O 9. Qd2 Be6 10. O-O-O Nbd7 11. g4 Qc7 12. Kb1 b5 13. g5 Nh5 14. Nd5 Bxd5 15. exd5 a5 16. Bxb5 a4 17. Nc1 Rfb8 18. Bc6 Ra6 19. a3 Nb6 20. Qd3 Ra5 21. Ne2 Nd7 22. Nc3 Nc5 23. Bxc5 Rxc5 24. Ne4 Ra5 25. Ka2 Nf4 26. Qe3 Ra6 27. Rhg1 Rxc6 28. dxc6 Qxc6 29. Nc3 Qb7 30. Rb1 Qa6 31. Qe4 Ne6 32. Qxa4 Qb6 33. Qc4 Bf8 34. Rgd1 Nd4 35. Nd5 Qb7 36. c3 Rc8 37. Qb4 Qxd5+ 38. b3 Qxf3 39. cxd4 d5 40. Qd2 e4 41. Rf1 Qh3 42. Rfc1 Re8 43. b4 e3 44. Qe2 Bd6 45. b5 h6 46. b6 hxg5 47. b7 Rb8 48. Rc3 Kh7 49. Rxe3 Qd7 50. Reb3 g6 51. Qc2 Kg7 52. Rb5 Bf4 53. Qb3 Qh3 54. Qxh3 1-0


[Site "https://www.chess.com"]

[Event "Titled Tuesday Blitz April 18 Late 2023"]
[White "Romero Ruscalleda, Josep"]
[Black "Golubev, Mikhail"]
[WhiteFideId "2231859"]
[BlackFideId "14100983"]
[WhiteElo "2183"]
[BlackElo "2374"]
[Result "1-0"]
[Round "03"]
[TimeControl "180+2"]
[Date "2023.04.18"]
[WhiteClock "0:00:57"]
[BlackClock "0:00:01"]

1. e4 c5 2. c3 d5 3. exd5 Nf6 4. Nf3 Nxd5 5. Bc4 e6 6. O-O Be7 7. d4 Nb6 8. Bd3 cxd4 9. Nxd4 e5 10. Nf5 Bxf5 11. Bxf5 Qc7 12. Nd2 O-O 13. Qe2 g6 14. Bc2 Nc6 15. Nf3 f5 16. Ng5 Bxg5 17. Bxg5 Kg7 18. Rfe1 f4 19. f3 Rae8 20. Rad1 Nd7 21. Bh4 Nf6 22. Bf2 a6 23. Bc5 Rd8 24. Bxf8+ Rxf8 25. Kh1 Rg8 26. Qc4 Rf8 27. Ba4 b5 28. Bxb5 axb5 29. Qxb5 Rb8 30. Qc5 Rxb2 31. Rd6 Rb6 32. h4 Qb7 33. Kh2 Ra6 34. Red1 Qc8 35. Qc4 h6 36. a4 1-0


[Site "https://www.chess.com"]

[Event "Titled Tuesday Blitz April 18 Late 2023"]
[White "Estrada Nieto, Julian"]
[Black "Sariego Figueredo, Wilfredo"]
[WhiteFideId "5101018"]
[BlackFideId "3500080"]
[WhiteElo "2161"]
[BlackElo "2309"]
[Result "1-0"]
[Round "03"]
[TimeControl "180+2"]
[Date "2023.04.18"]
[WhiteClock "0:00:19"]
[BlackClock "0:00:05"]

1. e4 c5 2. Nf3 a6 3. c3 d5 4. exd5 Qxd5 5. d4 e6 6. Be3 cxd4 7. cxd4 Nf6 8. Nc3 Qd6 9. Bd3 Nc6 10. O-O Be7 11. a3 O-O 12. Qe2 b5 13. Rfd1 Bb7 14. Bg5 Rfd8 15. Ne4 Nxe4 16. Qxe4 g6 17. Qh4 Bxg5 18. Nxg5 h5 19. Be4 Qc7 20. Rac1 Qb6 21. d5 exd5 22. Bxd5 Ne5 23. Bxb7 Qxb7 24. Ne4 Rxd1+ 25. Rxd1 Qc6 26. h3 Kg7 27. Rd6 Qc1+ 28. Kh2 Ng4+ 29. hxg4 Qf4+ 30. Qg3 Qxe4 31. Qc3+ Kh7 32. Qf6 Qxg4 33. Qxf7+ Kh6 34. Rd7 Qh4+ 35. Kg1 Rc8 36. Qg7+ Kg5 37. Qe7+ Kh6 38. Qxh4 Rc1+ 39. Kh2 Rh1+ 40. Kxh1 1-0


[Site "https://www.chess.com"]

[Event "Titled Tuesday Blitz April 18 Late 2023"]
[White "BebeBonito2022"]
[Black "Cheng, Xiao"]
[BlackFideId "2022915"]
[WhiteElo "2211"]
[BlackElo "2423"]
[Result "0-1"]
[Round "03"]
[TimeControl "180+2"]
[Date "2023.04.18"]
[WhiteClock "0:00:16"]
[BlackClock "0:01:25"]

1. d4 Nf6 2. c4 e6 3. Nc3 d5 4. cxd5 exd5 5. Bg5 Bb4 6. e3 c5 7. Bd3 Qa5 8. Ne2 Nbd7 9. a3 Bxc3+ 10. bxc3 cxd4 11. exd4 Ne4 12. Bf4 O-O 13. Qc2 Ndf6 14. f3 Bf5 15. fxe4 dxe4 16. Bc4 Rac8 17. Qb3 a6 18. Bd6 Rfd8 19. Bb4 Qc7 20. O-O Bg6 21. Bc5 b5 22. Qa2 bxc4 23. Nf4 Re8 24. Rab1 e3 25. Rb6 Bd3 26. Re1 Qxf4 0-1


[Site "https://www.chess.com"]

[Event "Titled Tuesday Blitz April 18 Late 2023"]
[White "Uddin, Mubassar"]
[Black "Kielinkei"]
[WhiteFideId "2093944"]
[WhiteElo "2051"]
[BlackElo "2421"]
[Result "0-1"]
[Round "03"]
[TimeControl "180+2"]
[Date "2023.04.18"]
[WhiteClock "0:00:01"]
[BlackClock "0:00:17"]

1. d4 Nf6 2. c4 b6 3. Nc3 Bb7 4. f3 d5 5. cxd5 Nxd5 6. e4 Nxc3 7. bxc3 e6 8. Bc4 c5 9. Be3 cxd4 10. cxd4 Bb4+ 11. Kf2 O-O 12. Ne2 Nd7 13. Rc1 Rc8 14. Qb3 Be7 15. Rhd1 a6 16. a4 Qe8 17. d5 exd5 18. Bxd5 Bxd5 19. Qxd5 Rxc1 20. Rxc1 Bc5 21. Nd4 Ne5 22. Rd1 Qxa4 23. Rd2 Nc4 24. Rd3 Qa2+ 25. Kg3 Qa4 26. Bc1 Bd6+ 27. f4 Bc5 28. Nf5 Qb5 29. Rc3 Na5 30. Qe5 f6 31. Qe6+ Kh8 32. e5 fxe5 33. fxe5 Qf1 34. Rf3 Qxc1 35. Qd7 Rg8 36. Qf7 Qg5+ 37. Kh3 Qh5+ 38. Qxh5 Nc4 39. Qg4 Nxe5 40. Qh4 Nxf3 0-1


[Site "https://www.chess.com"]

[Event "Titled Tuesday Blitz April 18 Late 2023"]
[White "Gardezi, Arsal"]
[Black "Le Goff, Ronan"]
[WhiteFideId "30949521"]
[BlackFideId "612073"]
[WhiteElo "1906"]
[BlackElo "2275"]
[Result "0-1"]
[Round "03"]
[TimeControl "180+2"]
[Date "2023.04.18"]
[WhiteClock "0:00:17"]
[BlackClock "0:00:51"]

1. e4 e5 2. Nf3 Nc6 3. Bc4 Nf6 4. d3 Bc5 5. c3 d6 6. O-O h6 7. Nbd2 a5 8. a4 Ba7 9. Re1 O-O 10. h3 Ne7 11. Ba2 Ng6 12. Nf1 c6 13. Ng3 Re8 14. d4 exd4 15. cxd4 Be6 16. Bb1 c5 17. d5 Bc8 18. Bd3 Nd7 19. Be3 Nde5 20. Nxe5 Nxe5 21. Bf1 Bd7 22. f4 Ng6 23. Qd2 Qh4 24. Kh2 c4 25. Bxc4 Bxe3 26. Qxe3 Qxf4 27. Qxf4 Nxf4 28. Rf1 Ng6 29. Rf2 Ne5 30. Bb5 Rec8 31. Bxd7 Nxd7 32. Nf5 Rc7 33. Nxd6 Nc5 34. Rg1 Rd8 35. e5 Nd3 36. Re2 Nf4 37. Re4 Nxd5 38. Rd1 Nb4 39. Rf1 Nc6 40. Rxf7 Rxf7 41. Nxf7 Kxf7 42. e6+ Ke7 43. Rf4 Kxe6 44. Rg4 g5 45. h4 Rd4 46. Rxd4 Nxd4 47. hxg5 hxg5 48. g4 Ke5 49. Kh3 Kf4 0-1


[Site "https://www.chess.com"]